Map: Ruins of Seras

Players

Stillbjorn - Winner!

  • Race: Terran Terran
  • League: Bronze

Zergingitup

  • Race: Zerg Zerg
  • League: Gold

VOD

Have the link to the VOD?

Description

Time

  • Played on: Sept. 15, 2015, 7:41 p.m.
  • Length: 10:20
Show
View Real Time Build Order
Export as new Build Order

Stillbjorn Terran - Winner!

Build Orders: Mech 

Get SALT Encoding   

  12  0:00  SCV  
  13  0:13  SCV  
  14  0:18  Supply Depot  
  14  0:25  SCV  
  15  0:40  SCV  
  15  0:42  Barracks  
  16  0:46  Refinery  
  16  0:55  SCV, Refinery  
  17  1:07  SCV  
  18  1:20  SCV  
  19  1:29  Reaper  
  20  1:35  Orbital Command  
  20  1:39  Supply Depot  
  20  1:48  Factory  
  20  2:01  SCV  
  21  2:08  Barracks Reactor  
  21  2:22  SCV  
  22  2:29  Command Center  
  22  2:37  Starport  
  22  2:41  SCV  
  23  2:53  Barracks Reactor  
  23  2:55  SCV  
  23  2:58  Hellion x2  
  28  3:08  SCV  
  29  3:13  Supply Depot  
  29  3:22  Medivac  
  29  3:23  Hellion x2  
  35  3:34  Marine x2  
  36  3:37  SCV  
  36  3:41  Armory  
  38  3:44  Supply Depot  
  38  3:47  Orbital Command  
  38  3:54  Hellion  
  41  3:55  SCV  
  39  4:30  SCV  
  35  4:39  Bunker, Hellbat x2  
  35  4:43  Marine x2  
  35  4:44  Factory x2  
  39  4:46  Medivac  
  39  4:52  SCV  
  42  4:53  SCV  
  43  5:04  SCV  
  44  5:08  Marine x2  
  46  5:14  Factory  
  46  5:16  Hellbat x2  
  50  5:26  SCV x2  
  52  5:29  Factory Tech Lab, Refinery  
  52  5:31  Factory Tech Lab, Refinery  
  52  5:36  Supply Depot  
  52  5:38  Supply Depot  
  52  5:41  SCV  
  52  5:42  SCV, Marine x2  
  55  5:45  Hellbat  
  58  5:53  Siege Tank  
  58  5:54  Siege Tank  
  64  6:00  Supply Depot  
  64  6:01  Supply Depot  
  64  6:10  Factory Reactor, Hellbat x2  
  64  6:12  SCV x2  
  64  6:13  Infernal Pre-Igniter  
  66  6:24  SCV x2  
  68  6:34  Siege Tank, Hellbat x2  
  68  6:36  SCV  
  68  6:39  Siege Tank  
  79  6:42  SCV  
  80  6:54  Hellbat x2  
  84  6:59  Hellbat x2  
  84  7:00  SCV x2  
  92  7:02  Starport Reactor  
  92  7:07  Starport  
  90  7:34  Siege Tank, Hellbat x3  
  90  7:35  Hellbat  
  101  7:40  Siege Tank  
  104  7:45  Terran Vehicle And Ship Armor Level 1  
  104  7:56  Command Center  
  104  8:04  Hellion x2  
  104  8:05  SCV x2, Hellion x2  
  114  8:18  Thor  
  100  8:28  Hellion x2  
  94  8:42  Hellion x2  
  94  8:44  SCV  
  94  8:45  SCV  
  100  8:50  Medivac x2  
  100  8:51  Hellbat x2  
  100  8:52  Hellbat  
  93  9:12  Hellbat x2  
  95  9:24  Hellbat x2  
  95  9:25  Medivac x2  
  97  9:33  SCV  
  97  9:34  SCV  
  99  9:46  SCV x2  
  99  9:49  Marine x2  
  99  9:50  Hellbat  
  99  9:51  Hellbat x4  
Show
View Real Time Build Order
Export as new Build Order

Zergingitup Zerg 

Build Orders: Hatch First 

Get SALT Encoding   

  12  0:05  Drone  
  13  0:15  Overlord  
  13  0:17  Drone  
  14  0:44  Hatchery  
  13  0:51  Drone x2  
  15  0:57  Drone  
  16  1:10  Drone  
  17  1:18  Spawning Pool  
  17  1:20  Drone  
  17  1:24  Extractor  
  16  1:25  Drone  
  17  1:35  Drone  
  18  1:45  Drone  
  19  1:59  Drone  
  20  2:04  Drone  
  21  2:09  Hatchery  
  21  2:12  Overlord  
  20  2:15  Drone  
  20  2:20  Drone  
  22  2:23  Drone  
  22  2:28  Drone  
  24  2:30  Drone  
  24  2:36  Metabolic Boost  
  25  2:39  Zergling x2  
  25  2:43  Drone  
  27  2:49  Drone x2  
  29  2:58  Queen  
  31  3:08  Roach Warren  
  31  3:10  Drone x2  
  31  3:11  Drone  
  33  3:14  Overlord  
  33  3:24  Zergling x6  
  36  3:30  Queen  
  36  3:33  Overlord  
  38  3:39  Drone x2  
  40  3:42  Drone  
  40  3:43  Drone  
  40  3:44  Drone  
  43  3:53  Roach x2  
  43  3:54  Roach  
  46  4:09  Roach x4  
  51  4:14  Roach  
  45  4:28  Drone x4  
  45  4:29  Drone  
  46  4:34  Drone  
  47  4:39  Drone x2  
  47  4:45  Drone x2  
  50  4:51  Drone x2  
  53  4:53  Drone  
  53  4:57  Drone  
  53  4:59  Drone  
  56  5:02  Drone  
  56  5:03  Drone  
  58  5:08  Overlord  
  58  5:13  Overlord  
  58  5:26  Queen  
  60  5:29  Zergling x12  
  60  5:31  Zergling x4  
  60  5:32  Zergling x2  
  69  5:39  Zergling x4  
  69  5:41  Drone  
  72  5:46  Drone x2  
  74  6:04  Queen  
  72  6:11  Lair  
  72  6:12  Extractor  
  72  6:15  Drone x2  
  72  6:16  Overlord  
  72  6:17  Overlord x2  
  73  6:32  Overlord x2  
  72  6:53  Roach x4  
  72  6:54  Roach x2  
  84  6:58  Extractor  
  84  7:00  Extractor  
  82  7:10  Overlord x2, Zergling x6  
  84  7:39  Drone x3  
  84  7:40  Drone x2  
  89  7:50  Drone  
  89  7:51  Drone x5  
  95  7:58  Spire  
  95  8:02  Hydralisk Den  
  95  8:03  Ravager x5  
  98  8:13  Roach  
  98  8:14  Roach x5  
  93  8:32  Roach  
  93  8:33  Roach x7  
  93  8:34  Roach  
  87  8:44  Roach  
  87  8:45  Roach x4  
  65  9:21  Roach x5  
  65  9:22  Roach x6  
  76  9:33  Roach x2  
  76  9:34  Mutalisk x2, Roach  
  86  9:48  Mutalisk  
  88  9:54  Mutalisk  
Tags
 
Composition
Mech
Matchup
TvZ
Add a new tag
Caveats
  • Supply blocks, unpowered buildings, or Contaminate may cause inaccurate times.
  • Supply counts are checked every 10 seconds.